 Dungeon Crawl Stone Soup version 0.28.0-62-gf88900778d (webtiles) character file.

Game seed: 14257803375124709717

7 cbfl8 the Poker (level 2, 0/24 HPs)
             Began as a Merfolk Berserker on June 25, 2023.
             Was a Follower of Trog.
             Slain by a giant cockroach (2 damage)
             ... on level 2 of the Dungeon.
             The game lasted 00:00:21 (261 turns).

cbfl8 the Poker (Merfolk Berserker)                  Turns: 261, Time: 00:00:21

Health: 0/24       AC:  2    Str: 17    XL:     2   Next: 4%
Magic:  2/2        EV: 12    Int:  6    God:    Trog [*.....]
Gold:   0          SH:  0    Dex: 13    Spells: 1/1 levels left

rFire   . . .      SeeInvis .   a - +0 spear
rCold   . . .      Faith    .   (no shield)
rNeg    . . .      Spirit   .   b - +0 animal skin
rPois   .          Reflect  .   (no helmet)
rElec   .          Harm     .   (no cloak)
rCorr   .          Rampage  .   (no gloves)
Will    .....                   (no boots)
Stlth   +.........              (no amulet)
HPRegen 0.08/turn               (no ring)
MPRegen 0.08/turn               (no ring)

@: no status effects
A: (nimble swimmer 2), mertail
a: Renounce Religion, Berserk


You were on level 2 of the Dungeon.
You worshipped Trog.
Trog was aware of your devotion.
You visited 1 branch of the dungeon, and saw 2 of its levels.

Inventory:

Hand Weapons
 a - a +0 spear (weapon)
Armour
 b - a +0 animal skin (worn)
Potions
 c - a potion of flight {unknown}
 d - a potion of berserk rage {unknown}


   Skills:
 + Level 3.4 Fighting
 + Level 4.6 Polearms
 + Level 1.5 Armour
 + Level 2.7 Dodging
 * Level 0.5 Evocations


You had one spell level left.
You didn't know any spells.
Your spell library was empty.

Dungeon Overview and Level Annotations

Branches:
Dungeon (2/15)

Altars:


Innate Abilities, Weirdness & Mutations

((You are very nimble when in or above water. (Stealth+, EV+, Speed+++)))
Your lower body shifts to a powerful aquatic tail in water.


Message History

The jackal is almost dead.
A jackal comes into view.
The jackal closely misses you. The kobold barely misses you.
You closely miss the jackal.
The jackal is almost dead.
The kobold hits you with a +0 short sword.
You hit the jackal but do no damage.
The jackal is almost dead.
The jackal bites you. The jackal misses you.
The jackal bites you but does no damage.
The kobold hits you with a +0 short sword.
You are too injured to fight recklessly!
You are too injured to fight recklessly!
The kobold hits you but does no damage.
The kobold hits you with a +0 short sword.
* * * LOW HITPOINT WARNING * * *
There is a stone staircase leading down, spattered with blood here.
The jackal barely misses you.
The kobold hits you with a +0 short sword.
* * * LOW HITPOINT WARNING * * *
You climb downwards.
There is a stone staircase leading up here.
You are too injured to fight recklessly!
You are too injured to fight recklessly!
You hit the jackal.
You kill the jackal!
Trog accepts your kill. The giant cockroach closely misses you.
You hit the kobold.
You kill the kobold!
Trog accepts your kill. The giant cockroach barely misses you.
You have reached level 2!
You barely miss the giant cockroach. The giant cockroach bites you.
* * * LOW HITPOINT WARNING * * *
You closely miss the giant cockroach. The giant cockroach closely misses you.
You barely miss the giant cockroach.
The giant cockroach bites you but does no damage.
You closely miss the giant cockroach. The giant cockroach bites you.
You die...

. .. #..######
........# ..
........###....
......B).......
.......@#
........#
........#
#########


You could see a giant cockroach.

Vanquished Creatures
  A hobgoblin (D:1)
  A jackal (D:2)
  A kobold (D:2)
  A quokka (D:1)
  A bat (D:1)
  A frilled lizard (D:1)
  A goblin (D:1)
7 creatures vanquished.

Notes
Turn   | Place    | Note
-------+----------+-------------------------------------------
     0 | D:1      | cbfl8 the Merfolk Berserker began the quest for the Orb.
     0 | D:1      | Reached XP level 1. HP: 18/18 MP: 1/1
   258 | D:2      | Reached XP level 2. HP: 4/24 MP: 2/2
   261 | D:2      | Slain by a giant cockroach

Illustrated notes

Levels and vault maps discovered:
D:1:      dpeg_chamrin_arrival_tetris, layout_basic, serial_bayou_pond_c
D:2:      layout_rooms, serial_shops, nicolae_square_shop,
          basic_ecumenical_altar

Action                   || total
-------------------------++-------
Melee: Spear             ||    35
       Punch             ||     1
Armor: Animal skin       ||     7
Dodge: Dodged            ||    20
